3L
WIZARDING EXPRESS @ KINGSTON TOWNSHIP KNIGHTS
07/30/2034
 
TOP OF THE 1ST
Wizarding Express batting - Pitching for Kingston Township Knights : RHP Victor de Meij
Pitching: RHP Victor de Meij
Batting: LHB Jesús Lazcano 0-0: Ball
1-0: Called Strike
1-1: Ground out 6-3 (Groundball, 6)
Batting: RHB Ralph Cranford 0-0: Ball
1-0: SOLO HOME RUN (Flyball, 7D), Distance : 406 ft
Batting: RHB Robinson Barquero 0-0: Ball
1-0: Foul Ball, location: 2F
1-1: Foul Ball, location: 2F
1-2: Fly out, F7 (Line Drive, 78M)
Batting: LHB Jin-yong Myung 0-0: Ball
1-0: Ball
2-0: Foul Ball, location: 2F
2-1: Foul Ball, location: 2F
2-2: Ground out 6-3 (Groundball, 6)
Top of the 1st over - 1 run, 1 hit, 0 errors, 0 left on base; Wizarding 1 - Kingston Township 0
BOTTOM OF THE 1ST
Kingston Township Knights batting - Pitching for Wizarding Express : RHP Enrique Valle
Pitching: RHP Enrique Valle
Batting: RHB Alfredo Cardenas 0-0: Called Strike
0-1: Ball
1-1: Called Strike
1-2: Foul Ball, location: 2F
1-2: Strikes out swinging
Batting: LHB António González 0-0: Ball
1-0: Foul Ball, location: 2F
1-1: Ball
2-1: Called Strike
2-2: Ball
3-2: Foul Ball, location: 2F
3-2: Base on Balls
Batting: RHB Ron Bernard 0-0: Called Strike
0-1: Ball
António González steals 2nd base
1-1: TRIPLE (Flyball, 8RXD)
António González scores
Batting: LHB Ed Mellor 0-0: Ball
1-0: Foul Ball, location: 2F
1-1: Foul Ball, location: 2F
1-2: Foul Ball, location: 2F
1-2: Ball
2-2: Strikes out swinging
Batting: LHB Gustavo Cortéz 0-0: Swinging Strike
0-1: Ball
1-1: Ball
2-1: Fly out, F7 (Flyball, 7S)
Bottom of the 1st over - 1 run, 1 hit, 0 errors, 1 left on base; Wizarding 1 - Kingston Township 1
TOP OF THE 2ND
Wizarding Express batting - Pitching for Kingston Township Knights : RHP Victor de Meij
Batting: LHB Adrian McCoy 0-0: Swinging Strike
0-1: Ball
1-1: Ball
2-1: Ball
3-1: Base on Balls
Batting: SHB Salvador Trevino 0-0: Called Strike
0-1: Fly out, F7 (Flyball, 78D)
Batting: RHB Louis Gibbons 0-0: Ball
1-0: Called Strike
1-1: Foul Ball, location: 2F
1-2: Grounds into double play, 6-4-3 (Groundball, 6)
Top of the 2nd over - 0 runs, 0 hits, 0 errors, 0 left on base; Wizarding 1 - Kingston Township 1
BOTTOM OF THE 2ND
Kingston Township Knights batting - Pitching for Wizarding Express : RHP Enrique Valle
Batting: RHB Dani Trejo 0-0: Ball
1-0: Ball
2-0: Ground out 5-3 (Groundball, 56)
Batting: RHB Júlio Rodríguez 0-0: Called Strike
0-1: Fly out, F7 (Flyball, 78M)
Batting: RHB Alejandro Serrato 0-0: Ball
1-0: Ball
2-0: Called Strike
2-1: Foul Ball, location: 2F
2-2: Fly out, F9 (Line Drive, 9D)
Bottom of the 2nd over - 0 runs, 0 hits, 0 errors, 0 left on base; Wizarding 1 - Kingston Township 1
TOP OF THE 3RD
Wizarding Express batting - Pitching for Kingston Township Knights : RHP Victor de Meij
Batting: LHB António Boccanegra 0-0: Called Strike
0-1: Foul Ball, location: 2F
0-2: Ball
1-2: Ball
2-2: Ball
3-2: Foul Ball, location: 2F
3-2: SINGLE (Groundball, 56D)
Batting: RHB Panas Pletnev 0-0: Ball
1-0: Foul Ball, location: 2F
1-1: Swinging Strike
1-2: Ground out 5-3 (Groundball, 56S)
António Boccanegra to second
Batting: LHB Jesús Lazcano 0-0: Ball
1-0: Ball
2-0: Called Strike
2-1: Swinging Strike
2-2: Ball
3-2: Fly out, F7 (Flyball, 7S)
Batting: RHB Ralph Cranford 0-0: Ball
1-0: Ball
2-0: Ball
3-0: Called Strike
3-1: Base on Balls
Batting: RHB Robinson Barquero 0-0: Called Strike
0-1: Ball
1-1: Foul Ball, location: 2F
1-2: Strikes out swinging
Top of the 3rd over - 0 runs, 1 hit, 0 errors, 2 left on base; Wizarding 1 - Kingston Township 1
BOTTOM OF THE 3RD
Kingston Township Knights batting - Pitching for Wizarding Express : RHP Enrique Valle
Batting: LHB Ruben Yim 0-0: Swinging Strike
0-1: Foul Ball, location: 2F
0-2: Fly out, F7 (Flyball, 78S)
Batting: RHB Alfredo Cardenas 0-0: Called Strike
0-1: Ball
1-1: Ball
2-1: Foul Ball, location: 2F
2-2: Ground out 5-3 (Groundball, 56S)
Batting: LHB António González 0-0: Called Strike
0-1: Called Strike
0-2: Strikes out swinging
Bottom of the 3rd over - 0 runs, 0 hits, 0 errors, 0 left on base; Wizarding 1 - Kingston Township 1
TOP OF THE 4TH
Wizarding Express batting - Pitching for Kingston Township Knights : RHP Victor de Meij
Batting: LHB Jin-yong Myung 0-0: Called Strike
0-1: Foul Ball, location: 2F
0-2: Strikes out swinging
Batting: LHB Adrian McCoy 0-0: Ball
1-0: Ball
2-0: Called Strike
2-1: Ball
3-1: Base on Balls
Batting: SHB Salvador Trevino 0-0: Foul Ball, location: 2F
0-1: Fly out, F8 (Flyball, 8LM)
Batting: RHB Louis Gibbons 0-0: Called Strike
0-1: Ball
1-1: SINGLE (Groundball, 6MD)
Adrian McCoy to second
Runner from 2nd tries for 3rd, OUT after rundown.
Top of the 4th over - 0 runs, 1 hit, 0 errors, 1 left on base; Wizarding 1 - Kingston Township 1
BOTTOM OF THE 4TH
Kingston Township Knights batting - Pitching for Wizarding Express : RHP Enrique Valle
Batting: RHB Ron Bernard 0-0: Ball
1-0: Called Strike
1-1: Ball
2-1: Swinging Strike
2-2: SINGLE (Groundball, 34D)
Batting: LHB Ed Mellor 0-0: Ball
1-0: SINGLE (Line Drive, 6M)
Ron Bernard to second
Batting: LHB Gustavo Cortéz 0-0: Called Strike
0-1: Fly out, F6 (Line Drive, 6M)
Batting: RHB Dani Trejo 0-0: Ball
Ron Bernard steals 3rd base
1-0: Ball
2-0: Fly out, F7 (Flyball, 78XD)
Runner from 3rd tags up, SCORES, no throw
Batting: RHB Júlio Rodríguez 0-0: Ball
Wild Pitch!
Ed Mellor to second
1-0: Ball
2-0: Ground out 6-3 (Groundball, 6)
Bottom of the 4th over - 1 run, 2 hits, 0 errors, 1 left on base; Wizarding 1 - Kingston Township 2
TOP OF THE 5TH
Wizarding Express batting - Pitching for Kingston Township Knights : RHP Victor de Meij
Batting: LHB António Boccanegra 0-0: Foul Ball, location: 2F
0-1: Called Strike
0-2: Ball
1-2: Ball
2-2: Ball
3-2: Foul Ball, location: 2F
3-2: Ground out 1-3 (Groundball, 13)
Batting: RHB Panas Pletnev 0-0: Fly out, F8 (Flyball, 8RD)
Batting: LHB Jesús Lazcano 0-0: Ball
1-0: Foul Ball, location: 2F
1-1: SOLO HOME RUN (Flyball, 8LXD), Distance : 449 ft
Batting: RHB Ralph Cranford 0-0: Ball
1-0: Called Strike
1-1: Ball
2-1: Foul Ball, location: 2F
2-2: SOLO HOME RUN (Flyball, 7LD), Distance : 376 ft
Batting: RHB Robinson Barquero 0-0: Ball
1-0: Fly out, F3 (Popup, 3F)
Top of the 5th over - 2 runs, 2 hits, 0 errors, 0 left on base; Wizarding 3 - Kingston Township 2
BOTTOM OF THE 5TH
Kingston Township Knights batting - Pitching for Wizarding Express : RHP Enrique Valle
Batting: RHB Alejandro Serrato 0-0: Ball
1-0: SINGLE (Groundball, 4D)
Batting: LHB Ruben Yim 0-0: Bunted foul
0-1: Sac Bunt - play at first, batter OUT! U3
Alejandro Serrato to second
Batting: RHB Alfredo Cardenas 0-0: Ball
1-0: Called Strike
1-1: Swinging Strike
1-2: Strikes out swinging
Batting: LHB António González 0-0: Ball
1-0: Ground out 3-1 (Groundball, 34)
Bottom of the 5th over - 0 runs, 1 hit, 0 errors, 1 left on base; Wizarding 3 - Kingston Township 2
TOP OF THE 6TH
Wizarding Express batting - Pitching for Kingston Township Knights : RHP Victor de Meij
Batting: LHB Jin-yong Myung 0-0: Called Strike
0-1: Fly out, F2 (Popup, 25F)
Batting: LHB Adrian McCoy 0-0: Ball
1-0: Ball
2-0: Called Strike
2-1: Ball
3-1: Called Strike
3-2: Foul Ball, location: 2F
3-2: DOUBLE (Line Drive, 78D)
Batting: SHB Salvador Trevino 0-0: Ball
1-0: Ground out 6-3 (Groundball, 6M)
Adrian McCoy to third
Batting: RHB Louis Gibbons 0-0: Ball
1-0: Ball
2-0: Ball
Wild Pitch!
Adrian McCoy scores
3-0: Base on Balls
Batting: LHB António Boccanegra 0-0: Ball
1-0: Swinging Strike
1-1: Foul Ball, location: 2F
1-2: Foul Ball, location: 2F
1-2: Foul Ball, location: 2F
1-2: Fly out, F8 (Flyball, 8LM)
Top of the 6th over - 1 run, 1 hit, 0 errors, 1 left on base; Wizarding 4 - Kingston Township 2
BOTTOM OF THE 6TH
Kingston Township Knights batting - Pitching for Wizarding Express : RHP Enrique Valle
Batting: RHB Ron Bernard 0-0: Swinging Strike
0-1: SINGLE (Line Drive, 78S)
Batting: LHB Ed Mellor 0-0: Ball
Wild Pitch!
Ron Bernard to second
1-0: Called Strike
1-1: Swinging Strike
1-2: Strikes out looking
Batting: LHB Gustavo Cortéz 0-0: Foul Ball, location: 2F
0-1: Ball
1-1: Ground out 4-3 (Groundball, 34)
Ron Bernard to third
Batting: RHB Dani Trejo 0-0: Ball
1-0: Ball
2-0: DOUBLE (Line Drive, 7LD)
Ron Bernard scores
Batting: RHB Júlio Rodríguez 0-0: Ball
1-0: Foul Ball, location: 2F
1-1: Foul Ball, location: 2F
1-2: Ground out 5-3 (Groundball, 56)
Bottom of the 6th over - 1 run, 2 hits, 0 errors, 1 left on base; Wizarding 4 - Kingston Township 3
TOP OF THE 7TH
Wizarding Express batting - Pitching for Kingston Township Knights : RHP Victor de Meij
Pitching: LHP Il-young Kim
Batting: RHB Panas Pletnev 0-0: Foul Ball, location: 2F
0-1: Foul Ball, location: 2F
0-2: Foul Ball, location: 2F
0-2: Strikes out swinging
Batting: LHB Jesús Lazcano 0-0: Ball
1-0: Called Strike
1-1: Ball
2-1: Reached via error on a dropped throw, E3
Batting: RHB Ralph Cranford 0-0: Called Strike
0-1: Ball
1-1: Ball
2-1: Ball
3-1: Base on Balls
Jesús Lazcano to second
Batting: RHB Robinson Barquero 0-0: Called Strike
Jesús Lazcano steals 3rd base
Ralph Cranford to second
0-1: Ball
1-1: Ball
2-1: Foul Ball, location: 2F
2-2: Ground out 6-3 (Groundball, 6)
Batting: LHB Jin-yong Myung 0-0: Ground out 4-3 (Groundball, 4)
Top of the 7th over - 0 runs, 0 hits, 1 error, 2 left on base; Wizarding 4 - Kingston Township 3
BOTTOM OF THE 7TH
Kingston Township Knights batting - Pitching for Wizarding Express : RHP Enrique Valle
Batting: RHB Alejandro Serrato 0-0: Called Strike
0-1: Foul Ball, location: 2F
0-2: Ball
1-2: Foul Ball, location: 2F
1-2: Ball
2-2: Ball
3-2: Strikes out looking
Batting: LHB Ruben Yim 0-0: Ball
1-0: Foul Ball, location: 2F
1-1: Foul Ball, location: 2F
1-2: DOUBLE (Line Drive, 9LM)
Batting: RHB Alfredo Cardenas 0-0: Foul Ball, location: 2F
0-1: Ball
1-1: Ball
2-1: SINGLE (Line Drive, 7S)
Ruben Yim to third
Pitching: LHP León Vallejo
Pinch Hitting: RHB EP Weston 0-0: Ball
1-0: Called Strike
1-1: Called Strike
1-2: Foul Ball, location: 2F
1-2: Hit by Pitch
Alfredo Cardenas to second
Batting: RHB Ron Bernard 0-0: Ball
1-0: Called Strike
1-1: Called Strike
1-2: Ball
2-2: Grounds into fielders choice 4-2 (Groundball, 4)
Alfredo Cardenas to third
EP Weston to second
Pinch Hitting: RHB Gustavo Mateo 0-0: Ball
1-0: Ball
2-0: Fly out, F8 (Line Drive, 78S)
Bottom of the 7th over - 0 runs, 2 hits, 0 errors, 3 left on base; Wizarding 4 - Kingston Township 3
TOP OF THE 8TH
Wizarding Express batting - Pitching for Kingston Township Knights : LHP Il-young Kim
Now at 1B: EP Weston
Now at 3B: Gustavo Mateo
Batting: LHB Adrian McCoy 0-0: Ball
1-0: Ball
2-0: Called Strike
2-1: Foul Ball, location: 2F
2-2: Ball
3-2: Foul Ball, location: 2F
3-2: Base on Balls
Batting: SHB Salvador Trevino 0-0: Ball
1-0: Foul Ball, location: 2F
1-1: Fly out, F9 (Flyball, 9LDF)
Batting: RHB Louis Gibbons 0-0: DOUBLE (Flyball, 89D)
Adrian McCoy to third
Pitching: RHP Anthony Ledesma
Batting: LHB António Boccanegra 0-0: Intentional Walk
Batting: RHB Panas Pletnev 0-0: Ball
1-0: Ball
2-0: Called Strike
2-1: Called Strike
2-2: DOUBLE (Line Drive, 8LD)
Adrian McCoy scores
Louis Gibbons scores
António Boccanegra to third
Batting: LHB Jesús Lazcano 0-0: Ball
1-0: Called Strike
1-1: Fly out, F9 (Line Drive, 89XD)
Runner from 3rd tags up, SCORES, no throw
Panas Pletnev to third
Batting: RHB Ralph Cranford 0-0: Called Strike
0-1: SINGLE (Line Drive, 6)
Panas Pletnev scores
Batting: RHB Robinson Barquero 0-0: Called Strike
0-1: Ball
1-1: Ball
2-1: Swinging Strike
2-2: Ball
3-2: 2-RUN HOME RUN (Flyball, 8RXD), Distance : 448 ft
Pitching: RHP Kevin Pilkington
Batting: LHB Jin-yong Myung 0-0: Fly out, F7 (Flyball, 7S)
Top of the 8th over - 6 runs, 4 hits, 0 errors, 0 left on base; Wizarding 10 - Kingston Township 3
BOTTOM OF THE 8TH
Kingston Township Knights batting - Pitching for Wizarding Express : LHP León Vallejo
Batting: LHB Gustavo Cortéz 0-0: Ball
1-0: Called Strike
1-1: Foul Ball, location: 2F
1-2: Strikes out looking
Batting: RHB Dani Trejo 0-0: Ball
1-0: Fly out, F6 (Popup, 4MD)
Batting: RHB Júlio Rodríguez 0-0: Called Strike
0-1: Ball
1-1: Ball
2-1: Swinging Strike
2-2: Fly out, F8 (Line Drive, 8RS)
Bottom of the 8th over - 0 runs, 0 hits, 0 errors, 0 left on base; Wizarding 10 - Kingston Township 3
TOP OF THE 9TH
Wizarding Express batting - Pitching for Kingston Township Knights : RHP Kevin Pilkington
Pitching: RHP John Riggleman
Batting: LHB Adrian McCoy 0-0: Foul Ball, location: 2F
0-1: Foul Ball, location: 2F
0-2: Foul Ball, location: 2F
0-2: Ground out 4-3 (Groundball, 4MS)
Batting: SHB Salvador Trevino 0-0: Ball
1-0: Called Strike
1-1: Foul Ball, location: 2F
1-2: Ground out 5-3 (Groundball, 56D)
Batting: RHB Louis Gibbons 0-0: Swinging Strike
0-1: Fly out, F7 (Flyball, 7LS)
Top of the 9th over - 0 runs, 0 hits, 0 errors, 0 left on base; Wizarding 10 - Kingston Township 3
BOTTOM OF THE 9TH
Kingston Township Knights batting - Pitching for Wizarding Express : LHP León Vallejo
Now at 1B: Paul Penrice
Batting: RHB Alejandro Serrato 0-0: SINGLE (Flyball, 9LS)
Batting: LHB Ruben Yim 0-0: Called Strike
0-1: Called Strike
0-2: Strikes out swinging
Batting: RHB Alfredo Cardenas 0-0: Ball
1-0: Ball
2-0: Called Strike
2-1: Called Strike
2-2: Foul Ball, location: 2F
2-2: Strikes out swinging
Pitching: RHP Marcos Oquendo
Batting: RHB EP Weston 0-0: Called Strike
0-1: Ball
1-1: Ball
2-1: Swinging Strike
2-2: Strikes out swinging
Bottom of the 9th over - 0 runs, 1 hit, 0 errors, 1 left on base; Wizarding 10 - Kingston Township 3
Friday, March 29th, 2019 - OOTP Baseball 18.8 Build 76